 Dungeon Crawl Stone Soup version 0.24.0-123-gd5b16e6ec5 (webtiles) character file.

Game seed: 15493756782536616710, levelgen mode: deterministic

922 Bluestream the Skirmisher (level 7, -2/66 HPs)
             Began as a Minotaur Berserker on Jan 31, 2020.
             Was a Priest of Trog.
             Slain by Elellon's ghost (12 damage)
             ... on level 5 of the Dungeon.
             The game lasted 00:07:54 (3579 turns).

Bluestream the Skirmisher (Minotaur Berserker)      Turns: 3579, Time: 00:07:55

Health: -2/66      AC:  8    Str: 21    XL:     7   Next: 84%
Magic:  6/6        EV: 12    Int:  4    God:    Trog [***...]
Gold:   227        SH:  0    Dex: 12    Spells: 6/6 levels left

rFire    . . .     SeeInvis .   a - +0 mace
rCold    . . .     Gourm    .   (no shield)
rNeg     . . .     Faith    .   r - +0 scale mail
rPois    .         Spirit   .   (helmet restricted)
rElec    .         Reflect  .   j - +0 cloak
rCorr    .         Harm     .   (no gloves)
MR       .....                  (no boots)
Stlth    ..........             h - amulet of the acrobat
HPRegen  0.21/turn              (no ring)
MPRegen  0.10/turn              (no ring)

@: lethally poisoned (-2 -> -8), berserk cooldown, slowed, very slow
A: retaliatory headbutt, horns 2
a: Berserk, Trog's Hand, Renounce Religion


You were on level 5 of the Dungeon.
You worshipped Trog.
Trog was most pleased with you.
You were very hungry.

You visited 1 branch of the dungeon, and saw 5 of its levels.

You collected 227 gold pieces.

Inventory:

Hand Weapons
 a - a +0 mace (weapon)
Armour
 j - a +0 cloak (worn)
 r - a +0 scale mail (worn)
Jewellery
 h - an amulet of the acrobat (around neck)
 k - an uncursed amulet of rage
Scrolls
 d - 7 scrolls of identify {unknown}
 g - 5 scrolls of teleportation {unknown}
 i - a scroll of enchant armour {unknown}
 m - 3 scrolls of remove curse {unknown}
 n - a scroll of fog {unknown}
 o - a scroll of fear {unknown}
 p - a scroll of immolation {unknown}
 s - a scroll of magic mapping {unknown}
 t - 2 scrolls of enchant weapon {unknown}
 u - a scroll of random uselessness {unknown}
Potions
 b - a potion of curing {unknown}
 e - 2 potions of agility {unknown}
 f - 2 potions of heal wounds {unknown}
 l - a potion of mutation {unknown}
 q - 2 potions of lignification {unknown}
 v - a potion of haste {unknown}
Comestibles
 c - 7 rations


   Skills:
 * Level 7.2 Fighting
 * Level 7.1 Maces & Flails
 + Level 5.0 Armour
 + Level 4.4 Dodging


You had 6 spell levels left.
You didn't know any spells.
Your spell library was empty.

Dungeon Overview and Level Annotations

Branches:
Dungeon (5/15)
 Temple: D:4-7

Altars:
Fedhas

Shops:
D:4 **[:

Annotations:
D:5 Elellon's ghost, novice DsFi


Innate Abilities, Weirdness & Mutations

You reflexively headbutt those who attack you in melee.
You have a pair of horns on your head.


Message History

You hit Elellon's ghost but do no damage.
You headbutt Elellon's ghost.
Elellon's ghost is heavily damaged.
You feel sick. Elellon's ghost hits you! Elellon's ghost hits you.
You closely miss Elellon's ghost.
Elellon's ghost is heavily damaged.
You feel very sick.
Elellon's ghost hits you but does no damage.
You sock Elellon's ghost! You headbutt Elellon's ghost!
Elellon's ghost is almost destroyed.
You feel sick. Elellon's ghost completely misses you. Elellon's ghost hits you!
* * * LOW HITPOINT WARNING * * *
You hit Elellon's ghost but do no damage.
Elellon's ghost is almost destroyed.
You feel sick. Elellon's ghost barely misses you. You furiously retaliate!
You headbutt Elellon's ghost, but do no damage.
You completely miss Elellon's ghost.
Elellon's ghost is almost destroyed.
You feel sick. Elellon's ghost hits you!
You die...

#........÷##.. ##......# ###
#.......÷##.....##..#.##
..###.##....##..#.#..#..#.#
......##...###8.#.#.8#..#.#
.....#####.###..#.#..####.#
...#.....÷..###.....#####.##
..........#.#.##'''##.#....# #
##.............().....#....###.#.
##.............@W..###....#.....
##......#.....))..###......#.#.
#......#.........))...........
########..........##†..≈#.#.#.
.......[.#.>....≈≈≈.....
###.<..#.#..(...≈≈#.#.#.
#>#..#.##....≈≈.......
..#.##.##.##.≈≈...#.#. .
...##.≈........


You could see Elellon's ghost.

Vanquished Creatures
  3 ogres
  A big kobold (D:5)
  A howler monkey (D:5)
  A quasit (D:5)
  A bullfrog zombie (D:5)
  2 hounds
  2 orc priests (D:3)
  An orc wizard (D:3)
  An iguana (D:4)
  3 worker ants (D:5)
  A hound skeleton (D:4)
  A gnoll (D:1)
  9 adders
  An ooze (D:3)
  An adder skeleton (D:4)
  5 worms
  3 dart slugs
  3 leopard geckos
  7 orcs
  4 giant cockroaches
  7 goblins (D:1)
  12 hobgoblins
  2 jackals (D:1)
  5 quokkas
  4 ball pythons
  7 bats
  4 frilled lizards
  21 kobolds
  A leopard gecko skeleton (D:4)
  13 rats
127 creatures vanquished.

Vanquished Creatures (others)
  2 fungi (D:5)
  2 plants (D:5)
4 creatures vanquished.

Grand Total: 131 creatures vanquished

Notes
Turn   | Place    | Note
-------+----------+-------------------------------------------
     0 | D:1      | Bluestream the Minotaur Berserker began the quest for the
                  | Orb.
     0 | D:1      | Reached XP level 1. HP: 19/19 MP: 0/0
    59 | D:1      | Reached XP level 2. HP: 21/27 MP: 1/1
   438 | D:1      | Reached ** piety under Trog
   448 | D:1      | Reached XP level 3. HP: 25/33 MP: 2/2
   946 | D:2      | Reached XP level 4. HP: 36/41 MP: 3/3
  1783 | D:3      | Reached XP level 5. HP: 47/47 MP: 4/4
  1827 | D:3      | Reached skill level 5 in Maces & Flails
  1836 | D:3      | Reached skill level 5 in Fighting
  1847 | D:3      | Reached *** piety under Trog
  2256 | D:4      | Found Beafuz's Assorted Antiques.
  2265 | D:4      | Reached XP level 6. HP: 55/56 MP: 5/5
  2281 | D:4      | Found a blossoming altar of Fedhas.
  2292 | D:4      | Found Veob's Antique Armour Boutique.
  2293 | D:4      | Found Pyucophy's Assorted Antiques.
  2702 | D:4      | Found Nutzofaa's Book Shop.
  2810 | D:4      | Reached XP level 7. HP: 54/63 MP: 6/6
  2931 | D:5      | Entered Level 5 of the Dungeon
  3332 | D:5      | Found a runed translucent gate.
  3333 | D:5      | Found a runed translucent gate.
  3333 | D:5      | Found a runed translucent gate.
  3333 | D:5      | Noticed Elellon's ghost (novice DsFi)
  3560 | D:5      | Reached skill level 5 in Armour
  3579 | D:5      | Slain by Elellon's ghost

Levels and vault maps discovered:
D:1:      scummos_arrival_simple_fountains, layout_loops_ring
D:2:      layout_basic
D:3:      layout_basic
D:4:      layout_gridville, serial_shops, shop, shop, shop, shop, first_ration,
          grunt_ministairs_15, fedhas_altar_1
D:5:      layout_rooms, yredelemnul_forgotten_temple_becter,
          gammafunk_ghost_nasty_kobolds, chequers_serial_rivers_small_a,
          st_stairs_12

Skill      XL: |  1  2  3  4  5  6  7 |
---------------+----------------------+-----
Fighting       | 4 5 6 7 |  7.2
Maces & Flails | 4 5 6 7 |  7.1
Armour         | 3 4 5 |  5.0
Dodging        | 3 4 |  4.4

Action                   |  1- 3 |  4- 6 |  7- 9 || total
-------------------------+-------+-------+-------++-------
Melee: Mace              |    96 |   116 |    75 ||   287
       Headbutt          |    13 |    32 |    17 ||    62
Invok: Berserk           |       |     1 |     1 ||     2
  Eat: Chunk             |       |     6 |     3 ||     9
Armor: Animal skin       |    17 |       |       ||    17
       Leather armour    |    10 |     7 |       ||    17
       Ring mail         |       |    12 |       ||    12
       Scale mail        |       |    13 |    37 ||    50
Dodge: Dodged            |    71 |    82 |    54 ||   207
